 Dungeon Crawl Stone Soup version 0.23.2-40-g277498a (webtiles) character file.

Game seed: 5889988056819055004

420 ScarlettBlut the Firebug (level 6, -2/70 HPs)
             Began as a Draconian Fire Elementalist on Sept 12, 2019.
             Slain by a gnoll
             ... wielding a +0 halberd
              (3 damage)
             ... on level 4 of the Dungeon.
             The game lasted 00:20:59 (4028 turns).

ScarlettBlut the Firebug (DrFE)                     Turns: 4028, Time: 00:21:00

Health: -2/70      AC: 11    Str: 16    XL:     6   Next: 62%
Magic:  7/10       EV: 12    Int: 17    God:
Gold:   155        SH:  0    Dex: 11    Spells: 2/11 levels left

rFire    . . .     SeeInvis .   i - +0 mace
rCold    . . .     Gourm    .   (no shield)
rNeg     . . .     Faith    .   (armour unavailable)
rPois    .         Spirit   .   r - +1 hat
rElec    .         Reflect  .   (no cloak)
rCorr    .         Harm     .   (no gloves)
MR       .....                  (no boots)
Stlth    ..........             (no amulet)
HPRegen  0.21/turn              e - +3 ring of slaying
MPRegen  0.12/turn              f - +4 ring of protection

@: berserking (expiring), very quick
A: unfitting armour, cold-blooded, AC +6
a: no special abilities


You were on level 4 of the Dungeon.
You were hungry.

You visited 1 branch of the dungeon, and saw 4 of its levels.

You collected 155 gold pieces.

Inventory:

Hand Weapons
 d - a +1 dagger
 i - a +0 mace (weapon)
Armour
 r - a +1 hat (worn)
Jewellery
 e - a +3 ring of slaying (left hand)
 f - a +4 ring of protection (right hand)
 m - an uncursed ring of protection from cold
 q - an uncursed ring of protection from magic
Scrolls
 c - a scroll of blinking
 n - a scroll of identify
 p - a scroll of amnesia
 s - a scroll of remove curse
Potions
 a - a potion of degeneration
 b - a potion of ambrosia {unknown}
 g - a potion of haste
 k - 3 potions of curing
 o - a potion of agility {unknown}
Comestibles
 h - a ration


   Skills:
 + Level 1.3 Fighting
 - Level 1.4 Short Blades
 * Level 3.0 Maces & Flails
 + Level 2.6 Dodging
 + Level 2.2 Stealth
 + Level 3.2 Spellcasting
 + Level 2.2 Conjurations
 * Level 4.3 Fire Magic


You had 2 spell levels left.
You knew the following spells:

 Your Spells              Type           Power        Failure   Level  Hunger
a - Flame Tongue          Conj/Fire      ##...        4%          1    None
b - Throw Flame           Conj/Fire      ##....       7%          2    ##.....
c - Conjure Flame         Conj/Fire      ##......     13%         3    ###....
d - Inner Flame           Hex/Fire       ##......     22%         3    ###....

Your spell library contained the following spells:

 Spells                   Type           Power        Failure   Level  Hunger
 Sticky Flame             Conj/Fire      ##......     41%         4    ####...
 Fireball                 Conj/Fire      ##........   77%         5    ######.


Dungeon Overview and Level Annotations

Branches:
Dungeon (4/15)
 Temple: D:4-7

Altars:
Ru


Innate Abilities, Weirdness & Mutations

Your plain brown scales are hard. (AC +6)
You cannot fit into any form of body armour.
You are cold-blooded and may be slowed by cold attacks.


Message History

The big kobold is severely wounded.
The kobold barely misses you. The gnoll closely misses you.
You miss the big kobold.
The big kobold is severely wounded.
The big kobold hits you but does no damage.
The big kobold hits you with a +0 club.
* * * LOW HITPOINT WARNING * * *
The kobold hits you but does no damage. The gnoll closely misses you.
You hit the big kobold.
Your tail-slap misses the big kobold.
The big kobold is almost dead.
The big kobold hits you with a +0 dagger.
* * * LOW HITPOINT WARNING * * *
The big kobold hits you with a +0 club.
* * * LOW HITPOINT WARNING * * *
The kobold closely misses you.
You sock the big kobold!
You kill the big kobold!
Your Maces & Flails skill increases to level 3!
The gnoll hits you from afar with a +0 halberd.
You die...

##### ####
########...# ...##
##.....)#...#
...(###.......#K@)#
.....#........##K##
.....#(........gK#
.....'(........gg#
.....#)....(.....#
.....#........##'#
....###....)..#$$$
...## ##......#.$$#
#### ########$$$#


You could see a big kobold, 3 gnolls and 2 kobolds.

Vanquished Creatures
  2 big kobolds (D:4)
  A bullfrog (D:2)
  A hound (D:2)
  A centaur skeleton (D:4)
  A worker ant (D:4)
  3 adders
  An ooze (D:1)
  An adder skeleton (D:3)
  3 worms
  2 dart slugs
  A leopard gecko (D:3)
  5 giant cockroaches
  24 goblins
  20 hobgoblins
  2 jackals (D:1)
  A ball python (D:2)
  5 bats
  5 frilled lizards
  5 kobolds
  5 rats
89 creatures vanquished.

Notes
Turn   | Place    | Note
-------+----------+-------------------------------------------
     0 | D:1      | ScarlettBlut the Draconian Fire Elementalist began the
                  | quest for the Orb.
     0 | D:1      | Reached XP level 1. HP: 14/14 MP: 3/3
   185 | D:1      | Reached XP level 2. HP: 7/20 MP: 0/5
   190 | D:1      | Learned a level 2 spell: Throw Flame
  1038 | D:1      | Reached XP level 3. HP: 26/26 MP: 1/6
  1550 | D:2      | Noticed a bullfrog
  1560 | D:2      | Killed a bullfrog
  1560 | D:2      | Reached skill level 1 in Short Blades
  1560 | D:2      | Reached XP level 4. HP: 29/34 MP: 0/8
  1772 | D:2      | Reached skill level 1 in Fighting
  1772 | D:2      | Reached XP level 5. HP: 38/40 MP: 0/9
  1932 | D:2      | Learned a level 3 spell: Conjure Flame
  1936 | D:2      | Learned a level 3 spell: Inner Flame
  2267 | D:2      | Found a sacrificial altar of Ru.
  3094 | D:3      | Reached skill level 4 in Fire Magic
  3661 | D:4      | Reached skill level 1 in Maces & Flails
  3893 | D:4      | Reached XP level 6. HP: 44/47 MP: 10/10
  4027 | D:4      | HP: 1/70 [big kobold/+0 club (5)]
  4028 | D:4      | Slain by a gnoll

Skill      XL: |  1  2  3  4  5  6 |
---------------+-------------------+-----
Short Blades   | 1 |  1.4
Dodging        | 2 |  2.6
Stealth        | 2 |  2.2
Fighting       | 1 |  1.3
Spellcasting   | 3 |  3.2
Conjurations   | 2 |  2.2
Fire Magic     | 4 |  4.3
Maces & Flails | 1 3 |  3.0

Action                   |  1- 3 |  4- 6 || total
-------------------------+-------+-------++-------
Melee: Dagger            |    57 |     8 ||    65
       Tailslap          |     8 |    13 ||    21
       Unarmed           |     3 |       ||     3
       Mace              |       |    79 ||    79
 Cast: Flame Tongue      |    16 |     1 ||    17
       Throw Flame       |    22 |    43 ||    65
       Conjure Flame     |       |     4 ||     4
  Use: Scroll            |     4 |     9 ||    13
       Potion            |       |     2 ||     2
 Stab: Sleeping          |       |     3 ||     3
  Eat: Ration            |     2 |     2 ||     4
Armor: Skin              |    36 |    59 ||    95
Dodge: Dodged            |    45 |   104 ||   149
